AoeStats
← Skaara

Arabian Desert

510130091Analyzed
1v1 RM · 2d ago on Sep 29, 2026· 38m 29s· 2 players
Game mode
Random Map
Map size
Tiny (2 player)
Population
200
Speed
Normal
Resources
Standard
Victory
Conquest
Starting age
Dark Age
Ending age
Imperial Age
RankedLock teamsTeams togetherTeam positionsShared explorationLock speedFull tech treeHidden civsTurbo modeCheats
Victory
Defeat
🇩🇪 Cumans · Germany
954
+17
🇺🇸 Wei · United States
980
-17
Skaara
5:20 Loom
9:45 Feudal Age
10:31 Double-Bit Axe
10:30 Horse Collar
22:40 Scale Barding Armor
22:46 Forging
26:25 Castle Age
24:14 Town Watch
25:05 Wheelbarrow
25:33 Fletching
26:06 Gold Mining
26:09 Stone Mining
26:33 Bloodlines
26:34 Light Cavalry
27:22 Bodkin Arrow
30:49 Chain Barding Armor
31:48 Iron Casting
35:19 Imperial Age
35:49 Hussar
37:09 Plate Barding Armor
Pumbloom
6:09 Loom
9:18 Feudal Age
10:05 Double-Bit Axe
12:42 Wheelbarrow
14:16 Horse Collar
19:40 Bloodlines
22:15 Castle Age
21:04 Gold Mining
21:04 Stone Mining
21:48 Scale Barding Armor
21:54 Forging
22:28 Light Cavalry
23:09 Husbandry
25:53 Fletching
26:03 Padded Archer Armor
27:07 Bow Saw
28:31 Heavy Plow
29:28 Hand Cart
28:58 Town Watch
31:33 Fervor
36:46 Bodkin Arrow
37:26 Iron Casting
37:12 Chain Barding Armor
Connection lost

Rejoining the realm…

Still unreachable

The connection could not be restored.

Session expired

The server has moved on; the page needs a fresh start.